Map: Galactic Process LE

Players

Tenonee

  • Race: Terran Terran
  • League: Diamond

Vienle - Winner!

  • Race: Protoss Protoss
  • League: Diamond

VOD

Have the link to the VOD?

Description

Time

  • Played on: July 29, 2016, 11:20 a.m.
  • Length: 6:33
Show
View Real Time Build Order
Export as new Build Order

Tenonee Terran 

Build Orders:  

Get SALT Encoding   

  12  0:01  SCV  
  13  0:13  SCV  
  14  0:18  Supply Depot  
  14  0:25  SCV  
  15  0:39  SCV  
  15  0:40  Barracks  
  16  0:52  SCV  
  17  1:00  Supply Depot  
  17  1:04  SCV  
  18  1:18  SCV  
  19  1:30  Marine  
  19  1:31  Orbital Command  
  20  1:48  Command Center  
  20  1:49  Marine  
  21  1:58  Barracks  
  21  2:05  SCV  
  21  2:07  Marine  
  23  2:17  Refinery, SCV  
  23  2:19  Refinery  
  24  2:28  Marine  
  24  2:29  SCV  
  26  2:41  SCV  
  27  2:45  Marine  
  28  2:53  SCV  
  28  2:57  Marine  
  30  3:02  Factory  
  30  3:05  SCV  
  31  3:10  Orbital Command  
  31  3:17  SCV  
  31  3:18  Barracks Tech Lab  
  31  3:19  Marine  
  33  3:29  SCV  
  33  3:32  Orbital Command  
  34  3:36  Marine  
  35  3:41  SCV  
  35  3:50  Factory Tech Lab  
  35  3:52  Stimpack  
  35  3:57  SCV  
  35  3:59  Starport  
  36  4:06  Barracks Reactor  
  36  4:09  SCV x2  
  38  4:16  Marauder  
  40  4:21  SCV x2  
  42  4:25  Refinery  
  42  4:31  Barracks  
  42  4:33  SCV  
  42  4:34  SCV  
  42  4:36  Marine  
  45  4:42  Supply Depot  
  45  4:44  Marine  
  45  4:45  SCV, Marine, Medivac  
  46  4:48  Supply Depot, SCV  
  51  4:54  Marine  
  51  4:59  SCV  
  53  5:02  Marine  
  53  5:04  Cyclone  
  58  5:12  SCV  
  58  5:13  SCV  
  60  5:14  Marine x2  
  60  5:18  Starport Reactor  
  60  5:20  Marine  
  63  5:24  Barracks Tech Lab, SCV  
  63  5:25  SCV  
  61  5:29  Supply Depot  
  43  5:49  Marine x2  
  43  5:55  Engineering Bay  
  24  6:20  SCV x2  
Show
View Real Time Build Order
Export as new Build Order

Vienle Protoss - Winner!

Build Orders: 1 Gate Expand, Dark Templar Rush 

Get SALT Encoding   

  12  0:02  Probe (Chrono Boost)  
  13  0:13  Probe (Chrono Boost)  
  14  0:19  Pylon  
  14  0:23  Probe (Chrono Boost)  
  15  0:38  Probe (Chrono Boost)  
  16  0:43  Gateway  
  16  0:48  Probe (Chrono Boost)  
  17  0:50  Assimilator  
  17  0:59  Probe (Chrono Boost)  
  18  1:09  Probe (Chrono Boost)  
  19  1:30  Nexus  
  19  1:33  Nexus  
  18  1:42  Cybernetics Core  
  18  1:50  Assimilator  
  18  1:51  Probe (Chrono Boost)  
  19  2:09  Probe (Chrono Boost)  
  19  2:11  Warp Gate, Pylon  
  20  2:20  Stalker  
  22  2:32  Probe (Chrono Boost)  
  24  2:45  Probe (Chrono Boost)  
  24  2:47  Pylon  
  24  2:48  Mothership Core (Chrono Boost)  
  26  2:57  Probe (Chrono Boost)  
  27  3:06  Twilight Council  
  27  3:07  Probe (Chrono Boost)  
  27  3:09  Probe (Chrono Boost)  
  29  3:22  Probe (Chrono Boost)  
  29  3:23  Gateway  
  29  3:26  Probe (Chrono Boost)  
  32  3:34  Probe (Chrono Boost)  
  32  3:37  Probe (Chrono Boost)  
  33  3:47  Probe (Chrono Boost), Dark Shrine  
  33  3:48  Probe (Chrono Boost)  
  35  3:54  Gateway  
  35  4:00  Probe (Chrono Boost)  
  36  4:04  Assimilator  
  36  4:07  Pylon  
  36  4:09  Probe (Chrono Boost)  
  37  4:18  Robotics Facility  
  37  4:22  Probe (Chrono Boost)  
  37  4:23  Probe (Chrono Boost)  
  41  4:38  Probe (Chrono Boost)  
  41  4:40  Probe (Chrono Boost)  
  41  4:41  Pylon  
  41  4:48  Pylon  
  41  4:49  Probe (Chrono Boost)  
  41  4:52  Probe (Chrono Boost)  
  43  5:00  Forge  
  43  5:02  Dark Templar  
  43  5:03  Dark Templar x2  
  43  5:06  Probe (Chrono Boost)  
  51  5:07  Probe (Chrono Boost)  
  51  5:14  Pylon  
  51  5:16  Probe (Chrono Boost)  
  51  5:18  Assimilator  
  52  5:36  Dark Templar x2  
  52  5:37  Dark Templar  
  56  6:08  Dark Templar  
  54  6:22  Dark Templar  
Tags
 
Add a new tag
Caveats
  • Supply blocks, unpowered buildings, or Contaminate may cause inaccurate times.
  • Supply counts are checked every 10 seconds.